 Dungeon Crawl Stone Soup version bcrawl-1.19.2-6-g6a88ae04c9 (webtiles) character file.

Game seed: 13286145750091259496

2856 Banto the Martial Artist (level 9, -23/53 HPs)
             Began as an Octopode Transmuter on Jan 10, 2020.
             Was an Initiate of Cheibriados.
             Annihilated by a komodo dragon (33 damage)
             ... on level 7 of the Dungeon.
             The game lasted 00:07:38 (8048 turns).

Banto the Martial Artist (Octopode Transmuter)      Turns: 8048, Time: 00:07:39

Health: -23/53     AC:  2    Str: 11    XL:     9   Next: 75%
Magic:  21/21      EV: 20    Int: 18    God:    Cheibriados [......]
Gold:   747        SH:  0    Dex: 19    Spells: 2/12 levels left

rFire    . . .     SeeInvis .     - Unarmed
rCold    . . .     Gourm    .   (shield currently unavailable)
rNeg     . . .     Faith    .   (helmet currently unavailable)
rPois    x         Spirit   .   (cloak currently unavailable)
rElec    +         Reflect  .   (no amulet)
rCorr    .         Harm     .   n - ring of insulation
MR       .....                  m - ring of magical power (curse)
Stlth    ++........             (no ring)
HPRegen  0.17/turn              (no ring)
MPRegen  0.17/turn              (no ring)
                                (no ring)
                                (no ring)
                                (no ring)

@: spider-form, very slow
A: tiny, almost no armour, stealthy swim, (amphibious), 8 rings, (constrict 8)
a: End Transformation, Bend Time, Renounce Religion


You were on level 7 of the Dungeon.
You worshipped Cheibriados.
Cheibriados was noncommittal.
You were not hungry.
You were a venomous arachnid creature.
You visited 2 branches of the dungeon, and saw 8 of its levels.

You collected 747 gold pieces.

Inventory:

Hand Weapons
 h - the +2 quarterstaff of Nemelex Xobeh {crush, Str+2, unknown}
   (You found it on level 6 of the Dungeon)

   It inflicts extra damage upon your enemies.
   It affects your strength (+2).
Missiles
 a - 961 arrows
 b - a throwing net (quivered) {!f}
Armour
 r - a scarf of repulsion (melded)
Jewellery
 m - a cursed ring of magical power (right front leg)
 n - a ring of insulation (left front leg)
Wands
 j - a wand of polymorph (6)
 s - a wand of flame (24)
Scrolls
 f - 4 scrolls of remove curse
 o - a scroll of enchant weapon
 p - a scroll of teleportation {unknown}
Potions
 c - a potion of lignification
 e - a potion of agility
 g - a potion of brilliance
 i - a potion of heal wounds
 k - 3 potions of curing
 l - 2 potions of ambrosia {unknown}
Comestibles
 d - 10 rations {!d}
 q - a chunk of flesh


   Skills:
 - Level 1.0 Fighting
 - Level 2.0 Dodging
 + Level 9.8 Unarmed Combat
 - Level 2.0 Spellcasting
 + Level 9.5 Transmutations


You had 2 spell levels left.
You knew the following spells:

 Your Spells              Type           Power        Failure   Level  Hunger
a - Beastly Appendage     Tmut           #####.       3%          1    #......
b - Sticks to Snakes      Tmut           #####...     3%          2    ###....
c - Spider Form           Tmut/Pois      ###          21%         3    ###....
d - Ice Form              Ice/Tmut       ###.....     47%         4    #####..

Your spell library contained the following spells:

 Spells                   Type           Power        Failure   Level  Hunger
 Animate Skeleton         Necr           N/A          38%         1    #......
 Pain                     Necr           #.....       38%         1    #......
 Blade Hands              Tmut           #####.....   24%         5    ######.
 Regeneration             Chrm/Necr      #.........   69%         3    ###....
 Vampiric Draining        Necr           #.........   69%         3    ###....
 Animate Dead             Necr           N/A          96%         4    #####..
 Bolt of Draining         Conj/Necr      #.........   100%        5    ######.


Dungeon Overview and Level Annotations

Branches:
Dungeon (7/12)             Temple (1/1) D:7
   Lair: D:7-9

Altars:
Cheibriados
Dithmenos
Hepliaklqana
Kikubaaqudgha
Lugonu
Nemelex Xobeh
Ru
Vehumet
Wu Jian
Yredelemnul
Zin
The Shining One

Annotations:
D:3 3 runed translucent doors, Mrkan's ghost, amateur OgFi; Nagy's ghost, amateur VSEn


Innate Abilities, Weirdness & Mutations

You cannot wear most types of armour.
You are very stealthy in the water. (Stealth+)
((You are amphibious.))
You can wear up to eight rings at the same time.
((You can use your tentacles to constrict eight enemies at once.))
((Your skin changes colour to match your surroundings (Stealth+).))
((Your rubbery body absorbs attacks. (AC +1, EV +1)))


Message History

The komodo dragon hisses angrily.
You bite the komodo dragon!
The komodo dragon is moderately wounded.
You hit the komodo dragon but do no damage.
The komodo dragon is poisoned.
The komodo dragon is moderately wounded.
The komodo dragon bites you!!
You are too injured to fight recklessly!
You are too injured to fight recklessly!
You are too injured to fight recklessly!
You are too injured to fight recklessly!
You hit the komodo dragon.
The komodo dragon looks more poisoned.
The komodo dragon is moderately wounded.
The komodo dragon bites you!
* * * LOW HITPOINT WARNING * * *
You hit the komodo dragon.
The komodo dragon looks more poisoned.
The komodo dragon is heavily wounded.
The komodo dragon bites you!!
Ouch! That really hurt!
You die...

#####.# .# #......# #.# .#
#......# #.# .# #.....##
#.# #. ##...## #.# ..
##.## #.# #.# #.# #.# #.#
#.# #.# ##l#### ##.# ####
#.# ##s....###..####...
###.####.........#......##
#...............###.#.####
#.#............## ##......
#.#######.....#.###.#.###.
#.# ##.......#.##.# #.#
##.#####..##.# #.# #<#
##.##.# #>#### #.# #.##.#


You could see a komodo dragon.

Vanquished Creatures
  A catoblepas (D:7)
  A centaur zombie (D:6)
  A sky beast (D:7)
  A phantom (D:4)
  An eye of draining (D:6)
  5 ogres
  A necrophage (D:7)
  2 bullfrogs (D:6)
  3 scorpions
  3 crimson imps
  A bullfrog zombie (D:5)
  A jelly (D:7)
  2 orc priests
  A centaur skeleton (D:7)
  2 hounds
  2 orc wizards
  Ijyb (D:3)
  Terence (D:2)
  7 worker ants
  A killer bee zombie (D:5)
  A howler monkey zombie (D:5)
  6 adders
  A shadow imp (D:7)
  2 adder skeletons
  A worm (D:2)
  13 dart slugs
  5 leopard geckos
  27 orcs
  5 bats
  6 hobgoblins
  9 jackals
  9 kobolds
  3 quokkas
  2 ball pythons
  3 frilled lizards
  4 goblins
  5 rats (D:1)
140 creatures vanquished.

Vanquished Creatures (others)
  3 withered plants (D:3)
3 creatures vanquished.

Grand Total: 143 creatures vanquished

Notes
Turn   | Place    | Note
-------+----------+-------------------------------------------
     0 | D:1      | Banto the Octopode Transmuter began the quest for the Orb.
     0 | D:1      | Reached XP level 1. HP: 13/13 MP: 3/3
   123 | D:1      | Reached XP level 2. HP: 18/18 MP: 5/5
   932 | D:1      | Reached XP level 3. HP: 13/23 MP: 6/6
  1554 | D:2      | Found a basalt altar of Yredelemnul.
  1712 | D:2      | Reached XP level 4. HP: 27/28 MP: 7/7
  1782 | D:2      | Noticed Terence
  1941 | D:2      | Killed Terence
  2051 | D:3      | Noticed Ijyb
  2057 | D:3      | Killed Ijyb
  2119 | D:3      | Reached XP level 5. HP: 32/33 MP: 8/8
  2525 | D:3      | Found a runed translucent gate.
  2527 | D:3      | Found a runed translucent gate.
  2527 | D:3      | Found a runed translucent gate.
  2904 | D:3      | Noticed Mrkan's ghost (amateur OgFi)
  2905 | D:3      | Noticed Nagy's ghost (amateur VSEn)
  3101 | D:3      | Reached skill level 5 in Unarmed Combat
  3101 | D:3      | Reached XP level 6. HP: 31/38 MP: 9/9
  3142 | D:3      | Found a corrupted altar of Lugonu.
  3430 | D:4      | Learned a level 2 spell: Sticks to Snakes
  3434 | D:4      | Learned a level 3 spell: Spider Form
  3932 | D:4      | Found a glowing golden altar of the Shining One.
  3942 | D:4      | Noticed a phantom
  4233 | D:4      | Reached skill level 5 in Transmutations
  4297 | D:4      | Killed a phantom
  4297 | D:4      | Reached XP level 7. HP: 21/43 MP: 6/10
  4904 | D:5      | Entered Level 5 of the Dungeon
  4910 | D:5      | Learned a level 4 spell: Ice Form
  4945 | D:5      | Found a shadowy altar of Dithmenos.
  5914 | D:5      | Reached XP level 8. HP: 33/48 MP: 11/11
  6542 | D:6      | Found a radiant altar of Vehumet.
  6555 | D:6      | Got a faintly glowing quarterstaff
  6974 | D:7      | Reached XP level 9. HP: 53/53 MP: 12/12
  6981 | D:7      | Found a staircase to the Ecumenical Temple.
  7001 | Temple   | Entered the Ecumenical Temple
  7040 | Temple   | Became a worshipper of Cheibriados the Contemplative
  7055 | D:7      | Noticed a catoblepas
  7070 | D:7      | HP: 1/63 [catoblepas (33)]
  7071 | D:7      | Killed a catoblepas
  7731 | D:7      | Found a hazy altar of Hepliaklqana.
  8040 | D:7      | Noticed a komodo dragon
  8048 | D:7      | Annihilated by a komodo dragon

Skill      XL: |  1  2  3  4  5  6  7  8  9 |
---------------+----------------------------+-----
Transmutations | 3 4 5 6 8 9 |  9.5
Unarmed Combat | 4 5 6 7 8 9 |  9.8
Fighting       | |  1.0
Dodging        | |  2.0
Spellcasting   | |  2.0

Action                   |  1- 3 |  4- 6 |  7- 9 || total
-------------------------+-------+-------+-------++-------
Melee: Unarmed           |    21 |    10 |   101 ||   132
       Constrict         |    18 |    24 |    33 ||    75
       Tentacles         |    14 |    14 |    18 ||    46
       Dagger            |    64 |   110 |    91 ||   265
       Punch             |     4 |     4 |     4 ||    12
       Kick              |     1 |       |       ||     1
 Cast: Beastly Appendage |     1 |       |       ||     1
       Spider Form       |       |     2 |     4 ||     6
       Ice Form          |       |       |     3 ||     3
 Abil: End Transformatio |       |       |     1 ||     1
  Use: Scroll            |     4 |     2 |     2 ||     8
 Stab: Sleeping          |     6 |     3 |     6 ||    15
  Eat: Chunk             |     2 |     9 |    10 ||    21
       Ration            |       |       |     1 ||     1
Armor: Skin              |    10 |     2 |    10 ||    22
Dodge: Dodged            |    48 |    57 |    83 ||   188
       Deflected         |       |       |     3 ||     3
